 Dungeon Crawl Stone Soup version 0.26-a0-858-gbf766624f9 (webtiles) character file.

Game seed: 10762350996208304547

51 dickylongcocking the Shield-Bearer (level 3, 0/26 HPs)
             Began as an Octopode Fighter on Nov 25, 2020.
             Slain by a leopard gecko (3 damage)
             ... on level 1 of the Dungeon.
             The game lasted 00:00:39 (569 turns).

dickylongcocking the Shield-Bearer (OpFi)            Turns: 569, Time: 00:00:40

Health: 0/26       AC:  1    Str: 12 (15) XL:     3   Next: 81%
Magic:  12/12      EV: 11    Int:  9 (11) God:
Gold:   63         SH:  8    Dex:  9 (11) Spells: 2/2 levels left

rFire    . . .     SeeInvis .     - Unarmed
rCold    . . .     Faith    .   a - +0 kite shield
rNeg     . . .     Spirit   .   (helmet restricted)
rPois    .         Reflect  .   (no amulet)
rElec    .         Harm     .   i - ring of magical power
rCorr    .         Rampage  .   (no ring)
MR       .....                  (no ring)
Stlth    +++.......             (no ring)
HPRegen  0.08/turn              (no ring)
MPRegen  0.13/turn              (no ring)
                                (no ring)
                                (no ring)

@: brilliant
A: almost no armour, stealthy swim, amphibious, 8 rings, constrict 8, camouflage
1, gelatinous body 1
a: no special abilities


You were on level 1 of the Dungeon.
You visited 1 branch of the dungeon, and saw 2 of its levels.

You collected 63 gold pieces.

Inventory:

Armour
 a - a +0 kite shield (worn)
Jewellery
 i - a ring of magical power (left tentacle)
Scrolls
 c - a scroll of identify {unknown}
 d - a scroll of amnesia {unknown}
 f - a scroll of blinking {unknown}
 g - a scroll of enchant armour {unknown}
 j - a scroll of remove curse {unknown}
Potions
 b - a potion of might


   Skills:
 - Level 3.0 Fighting
 - Level 3.0 Dodging
 * Level 2.6 Stealth
 * Level 3.5 Shields
 * Level 2.8 Unarmed Combat


You had 2 spell levels left.
You didn't know any spells.
Your spell library was empty.

Dungeon Overview and Level Annotations

Branches:
Dungeon (2/15)

Altars:


Innate Abilities, Weirdness & Mutations

You cannot wear most types of armour.
You are very stealthy in the water. (Stealth+)
You are amphibious.
You can wear up to eight rings at the same time.
You can use your tentacles to constrict eight enemies at once.
Your skin changes colour to match your surroundings (Stealth+).
Your rubbery body absorbs attacks. (AC +1, EV +1)


Message History

You are too injured to fight recklessly!
Unknown command.
A jackal comes into view.
The kobold barely misses you. The leopard gecko bites you.
The jackal moves out of view.
A jackal comes into view.
You block the bat's attack. The bat hits you.
* * * LOW HITPOINT WARNING * * *
Unknown command.
It was a potion of degeneration.
There was something very wrong with that liquid.
You feel weakened.
You feel dopey.
You feel clumsy. The bat closely misses you. The kobold hits you.
* * * LOW HITPOINT WARNING * * *
A dart slug comes into view.
Unknown command.
It was a potion of brilliance.
You feel clever all of a sudden. The bat barely misses you.
The leopard gecko bites you.
You die...

... ......#
##.......####.### #..
##♣♣♣♣♣# #.........# ###
###.# ##♣...♣## ##.......##
....# #....)..# ##.......#
##..###.♣PP♣♣.#####....#..#
##......♣♣♣♣♣.............#
##..##### ####.####.###.#
...## ####.####.# .# #..#
#...@b..#.### #.##
##.##.##lK....... #.#
#.....)?g...#h#.. #.#
..##..........# #.##
#..##.#.##w... ...# .#
(.... #.#.# .#..
.#.##.....?## #.#.# # .
......# ## ..#.. ..P.###
####.


You could see a dart slug (wandering), a leopard gecko, a jackal (wandering), a
goblin, a bat and a kobold.

Vanquished Creatures
  Jessica (D:2)
  2 dart slugs (D:1)
  A ball python (D:1)
  4 bats (D:1)
  4 goblins (D:1)
  A hobgoblin (D:1)
  2 frilled lizards (D:1)
  4 kobolds (D:1)
  2 rats (D:1)
21 creatures vanquished.

Notes
Turn   | Place    | Note
-------+----------+-------------------------------------------
     0 | D:1      | dickylongcocking the Octopode Fighter began the quest for
                  | the Orb.
     0 | D:1      | Reached XP level 1. HP: 16/16 MP: 1/1
   124 | D:1      | Reached skill level 1 in Stealth
   124 | D:1      | Reached XP level 2. HP: 21/21 MP: 2/2
   411 | D:2      | Noticed Jessica
   417 | D:2      | Killed Jessica
   418 | D:2      | Reached XP level 3. HP: 24/26 MP: 3/3
   569 | D:1      | Slain by a leopard gecko

Illustrated notes

Levels and vault maps discovered:
D:1:      psy_arrival_dodecagon, layout_loops_cross, serial_forest,
          infiniplex_forest_zigzag_2, infiniplex_forest_straight_4,
          infiniplex_forest_clump_small, infiniplex_forest_join,
          infiniplex_forest_clump_long, infiniplex_forest_clump_curved,
          minmay_tetromino_o4
D:2:      layout_loops_ring, xom_teletrap_fun, lemuel_coloured_pillars_altar,
          uniq_jessica

Skill      XL: |  1  2 |
---------------+-------+-----
Stealth        | 1 2 |  2.6
Fighting       | |  3.0
Dodging        | |  3.0
Shields        | |  3.5
Unarmed Combat | |  2.8

Action                   || total
-------------------------++-------
Melee: Unarmed           ||    38
       Constrict         ||    10
       Tentacles         ||     5
  Use: Potion            ||     2
 Stab: Sleeping          ||     4
Armor: Skin              ||     8
Dodge: Dodged            ||    21
Block: Kite shield       ||    21

Table legend: (Time is in decaauts)
 A = Elapsed time spent in this place.
 B = Non-inter-level travel time spent in this place.
 C = Inter-level travel time spent in this place.
 D = Time resting spent in this place.
 E = Time spent auto-exploring this place.
 F = Levels seen in this place.
 G = Mean time per level.
                   A        B        C        D        E       F      G
               +--------+--------+--------+--------+--------+-----+--------+
         Total |    569 |    569 |      0 |     11 |    429 |   2 |  284.5 |
       Dungeon |    569 |    569 |      0 |     11 |    429 |   2 |  284.5 |
               +--------+--------+--------+--------+--------+-----+--------+

Top non-repeatable levels by time:
     D:1: 543 daAuts
     D:2: 26 daAuts
